 Dungeon Crawl Stone Soup version 0.26.1-2-gb8aa6d0cf2 (webtiles) character file.

Game seed: 5624606657465007075

376 Gadfly the Conjurer (level 6, -1/35 HPs)
             Began as a Tengu Hedge Wizard on Feb 19, 2021.
             Killed from afar by an orc wizard (12 damage)
             ... with a magic dart
             ... on level 4 of the Dungeon.
             The game lasted 00:08:38 (5035 turns).

Gadfly the Conjurer (Tengu Hedge Wizard)            Turns: 5035, Time: 00:08:39

Health: -1/35      AC:  5    Str: 10    XL:     6   Next: 73%
Magic:  5/12       EV: 17    Int: 17    God:
Gold:   231        SH:  0    Dex: 19    Spells: 3/11 levels left

rFire    . . .     SeeInvis .   a - +0 dagger (venom)
rCold    . . .     Faith    .   (no shield)
rNeg     . . .     Spirit   .   d - +0 robe
rPois    .         Reflect  .   m - +2 hood of the Assassin {Detection Stab+ Stlth++}
rElec    .         Harm     .   (no cloak)
rCorr    .         Rampage  .   h - +0 pair of gloves
Will     .....                  (boots unavailable)
Stlth    ++++......             (no amulet)
HPRegen  0.11/turn              f - +6 ring of dexterity
MPRegen  0.13/turn              (no ring)

@: flying quickly and evasively, quick
A: beak, talons 3, able to fly
a: Stop Flying


You were on level 4 of the Dungeon.
You visited 2 branches of the dungeon, and saw 5 of its levels.

You collected 231 gold pieces.

Inventory:

Hand Weapons
 a - a +0 dagger of venom (weapon)
 b - a +0 whip of freezing
Armour
 d - a +0 robe (worn)
 h - a +0 pair of gloves (worn)
 m - the +2 hood of the Assassin (worn) {Detection Stab+ Stlth++}
   (You found it on level 4 of the Dungeon)

   It makes you much more stealthy.
Jewellery
 f - a +6 ring of dexterity (left hand)
Scrolls
 e - 2 scrolls of enchant armour
 g - a scroll of blinking
 k - a scroll of remove curse {unknown}
 l - a scroll of teleportation
Potions
 c - 2 potions of flight {unknown}
 i - a potion of lignification


   Skills:
 + Level 1.7 Fighting
 * Level 3.4 Dodging
 - Level 2.0 Stealth
 + Level 3.3 Spellcasting
 * Level 3.4 Conjurations
 * Level 3.4 Summonings
 - Level 0.7 Translocations
 * Level 3.3 Air Magic
 * Level 2.6 Evocations


You had 3 spell levels left.
You knew the following spells:

 Your Spells              Type           Power        Failure   Level
a - Magic Dart            Conj           56%          4%          1
b - Call Imp              Summ           14%          6%          2
c - Blink                 Tloc           N/A          19%         2
d - Mephitic Cloud        Conj/Pois/Air  10%          21%         3

Your spell library contained the following spells:

 Spells                   Type           Power        Failure   Level
 Slow                     Hex            2%           26%         2
 Conjure Flame            Conj/Fire      8%           26%         3


Dungeon Overview and Level Annotations

Branches:
Dungeon (4/15)             Temple (1/1) D:4

Altars:
Cheibriados
Dithmenos
Elyvilon
Fedhas
Hepliaklqana
Kikubaaqudgha
Makhleb
Nemelex Xobeh
Okawaru
Qazlal
Ru
Sif Muna
Trog
Uskayaw
Xom
Yredelemnul
Zin
The Shining One

Shops:
D:4 :


Innate Abilities, Weirdness & Mutations

You have a beak for a mouth.
You have claws for feet.
You can fly continuously.


Message History

The orc wizard is lightly wounded.
The orc wizard casts a spell at you. The puff of flame hits you!
You hit the orc wizard.
The orc wizard is poisoned.
You peck the orc wizard, but do no damage.
The orc wizard is moderately wounded.
The orc wizard barely misses you.
You hit the orc wizard but do no damage.
The orc wizard looks as sick as possible!
You claw the orc wizard, but do no damage.
Your peck misses the orc wizard.
The orc wizard is heavily wounded.
The orc wizard misses you.
You hit the orc wizard but do no damage.
The orc wizard looks as sick as possible!
You claw the orc wizard, but do no damage.
The orc wizard is severely wounded.
The orc wizard points at you and mumbles some strange words.
The magic dart hits you!
You die...

#....#.....#.............##
#.........................#
##.....###...#)#..........#
###.#...#...##.#..........#
#[......#..##..#..........#
#.............##..........#
#........####.###)..†....##
........).#####.##o.........#
.##.............@oo........<#
..........##..###........
..########..#.## #........ ##
##.#.# #........ #...#
##....... ##### .#.....
...#.## .∩ #.#


You could see an orc wizard (extremely poisoned) and 2 orcs.

Vanquished Creatures
  An ogre (D:2)
  A centaur skeleton (D:4)
  A hound (D:4)
  2 orc wizards
  A worker ant (D:4)
  4 adders
  2 oozes (D:1)
  An adder skeleton (D:4)
  2 worms (D:3)
  2 dart slugs
  2 leopard geckos
  6 orcs
  8 bats
  2 giant cockroaches
  9 hobgoblins
  5 jackals (D:1)
  A quokka (D:4)
  3 ball pythons
  A frilled lizard (D:1)
  11 goblins
  2 kobolds
  9 rats
76 creatures vanquished.

Vanquished Creatures (collateral kills)
  Robin (D:1)
  An adder (D:2)
  A goblin (D:2)
3 creatures vanquished.

Grand Total: 79 creatures vanquished

Notes
Turn   | Place    | Note
-------+----------+-------------------------------------------
     0 | D:1      | Gadfly the Tengu Hedge Wizard began the quest for the Orb.
     0 | D:1      | Reached XP level 1. HP: 10/10 MP: 5/5
   315 | D:1      | Reached XP level 2. HP: 9/15 MP: 7/7
   738 | D:1      | Reached skill level 1 in Air Magic
   738 | D:1      | Reached XP level 3. HP: 20/20 MP: 1/8
   741 | D:1      | Learned a level 2 spell: Call Imp
   744 | D:1      | Learned a level 2 spell: Blink
  1023 | D:1      | Reached skill level 1 in Evocations
  1572 | D:2      | Noticed Robin
  1680 | D:2      | Reached XP level 4. HP: 20/24 MP: 9/9
  2037 | D:1      | HP: 1/24 [Robin/cursed -1 club (2)]
  2063 | D:1      | Killed Robin
  2339 | D:1      | Reached skill level 1 in Fighting
  2633 | D:2      | Learned a level 3 spell: Mephitic Cloud
  2676 | D:2      | Found a faded altar of an unknown god.
  2843 | D:2      | Noticed an ogre
  2854 | D:2      | Killed an ogre
  2855 | D:2      | Gained mutation: You can fly continuously. [Tengu growth]
  2855 | D:2      | Reached XP level 5. HP: 29/29 MP: 6/10
  4006 | D:4      | Reached XP level 6. HP: 34/34 MP: 5/11
  4155 | D:4      | Found a staircase to the Ecumenical Temple.
  4157 | D:4      | Found the +2 hood of the Assassin {Detection Stab+ Stlth++}
  4161 | Temple   | Entered the Ecumenical Temple
  5011 | D:4      | Found Kextank's Book Shoppe.
  5035 | D:4      | Killed from afar by an orc wizard

Illustrated notes

Levels and vault maps discovered:
D:1:      minmay_arrival_plants_in_alcoves, layout_basic, minmay_octomino_j4
D:2:      layout_rooms, chequers_ecumenical_altar_simple, uniq_robin
D:3:      layout_basic, guppyfry_early_lair_pool
D:4:      layout_rooms, minmay_temple_entry_tees, serial_shops,
          nicolae_shop_stone
Temple:   dpeg_five_rooms_temple

Skill      XL: |  1  2  3  4  5  6 |
---------------+-------------------+-----
Summonings     | 2 3 |  3.4
Air Magic      | 1 2 3 |  3.3
Evocations     | 1 2 |  2.6
Conjurations   | 2 3 |  3.4
Fighting       | 1 |  1.7
Dodging        | 3 |  3.4
Stealth        | |  2.0
Spellcasting   | |  3.3
Translocations | |  0.7

Action                   |  1- 3 |  4- 6 || total
-------------------------+-------+-------++-------
Melee: Dagger            |    35 |    97 ||   132
       Kick              |    13 |    28 ||    41
       Peck              |     7 |    17 ||    24
       Mace              |    10 |       ||    10
 Cast: Magic Dart        |    44 |    68 ||   112
       Call Imp          |     1 |     2 ||     3
       Mephitic Cloud    |       |     1 ||     1
 Abil: Fly               |       |     1 ||     1
  Use: Scroll            |     2 |     3 ||     5
       Potion            |       |     5 ||     5
 Stab: Confused          |       |     1 ||     1
Armor: Robe              |    12 |    17 ||    29
Dodge: Dodged            |    35 |    82 ||   117
